HSSL
MAIZE HS @ MASCONOMET HS CHIEFTANS
05/08/2030
 
TOP OF THE 1ST
Maize HS batting - Pitching for Masconomet HS Chieftans : RHP Emerson Gibbon
Pitching: RHP Emerson Gibbon
Batting: LHB Terry Manning 0-0: Called Strike
0-1: Foul Ball, location: 2F
0-2: Foul Ball, location: 2F
0-2: Foul Ball, location: 2F
0-2: Strikes out swinging
Batting: RHB Ángelo Cortéz 0-0: Ball
1-0: Ground out 5-3 (Groundball, 5)
Batting: SHB Richard Hodges 0-0: Called Strike
0-1: Swinging Strike
0-2: Ball
1-2: Strikes out swinging
Top of the 1st over - 0 runs, 0 hits, 0 errors, 0 left on base; Maize HS 0 - Masconomet HS 0
BOTTOM OF THE 1ST
Masconomet HS Chieftans batting - Pitching for Maize HS : RHP Curtis Steele
Pitching: RHP Curtis Steele
Batting: RHB Otis Moore 0-0: Called Strike
0-1: Fly out, F5 (Popup, 5F)
Batting: RHB Robby Bailey 0-0: Swinging Strike
0-1: Called Strike
0-2: Ball
1-2: Ball
2-2: Fly out, F8 (Flyball, 8RD)
Batting: SHB Carl Savage 0-0: Called Strike
0-1: Ball
1-1: Fly out, F3 (Popup, 3S)
Bottom of the 1st over - 0 runs, 0 hits, 0 errors, 0 left on base; Maize HS 0 - Masconomet HS 0
TOP OF THE 2ND
Maize HS batting - Pitching for Masconomet HS Chieftans : RHP Emerson Gibbon
Batting: LHB Matthis Michaud 0-0: Foul Ball, location: 2F
0-1: Ball
1-1: Swinging Strike
1-2: Strikes out swinging, 2-3 out at first.
Batting: RHB José Ramírez 0-0: Called Strike
0-1: Called Strike
0-2: Ball
1-2: Foul Ball, location: 2F
1-2: Foul Ball, location: 2F
1-2: Foul Ball, location: 2F
1-2: Strikes out swinging
Batting: RHB David Cox 0-0: Ball
1-0: Ball
2-0: Ball
3-0: Called Strike
3-1: Base on Balls
Batting: SHB Adrian Turner 0-0: Ball
1-0: Foul Ball, location: 2F
1-1: Swinging Strike
1-2: Ball
2-2: Ball
3-2: Strikes out swinging
Top of the 2nd over - 0 runs, 0 hits, 0 errors, 1 left on base; Maize HS 0 - Masconomet HS 0
BOTTOM OF THE 2ND
Masconomet HS Chieftans batting - Pitching for Maize HS : RHP Curtis Steele
Batting: RHB Alec Bowers 0-0: Fly out, F9 (Line Drive, 89M)
Batting: RHB Tom Petersen 0-0: Ball
1-0: Ball
2-0: Ball
3-0: Base on Balls
Batting: LHB Tommy McRath 0-0: Swinging Strike
0-1: Ball
1-1: Ball
2-1: Ball
3-1: Base on Balls
Tom Petersen to second
Batting: RHB Ross Thrower 0-0: Ball
1-0: Called Strike
1-1: Ball
2-1: Foul Ball, location: 2F
2-2: Strikes out swinging
Batting: LHB John Coffey 0-0: Ball
1-0: Swinging Strike
1-1: Ball
2-1: Foul Ball, location: 2F
2-2: Ball
3-2: Foul Ball, location: 2F
3-2: Base on Balls
Tom Petersen to third
Tommy McRath to second
Batting: RHB Jorge Trujillo 0-0: Ball
1-0: Swinging Strike
1-1: Foul Ball, location: 2F
1-2: Fielders Choice at 2nd, 6-4 (Groundball, 6)
Bottom of the 2nd over - 0 runs, 0 hits, 0 errors, 3 left on base; Maize HS 0 - Masconomet HS 0
TOP OF THE 3RD
Maize HS batting - Pitching for Masconomet HS Chieftans : RHP Emerson Gibbon
Batting: RHB Calvin Storey 0-0: Ball
1-0: Ball
2-0: Called Strike
2-1: Swinging Strike
2-2: Foul Ball, location: 2F
2-2: Foul Ball, location: 2F
2-2: Strikes out looking
Batting: SHB Robbie Trudel 0-0: Ball
1-0: Ball
2-0: Called Strike
2-1: Swinging Strike
2-2: Foul Ball, location: 2F
2-2: Foul Ball, location: 2F
2-2: Strikes out looking
Batting: LHB Terry Manning 0-0: Called Strike
0-1: Called Strike
0-2: Ball
1-2: Foul Ball, location: 2F
1-2: Strikes out swinging
Top of the 3rd over - 0 runs, 0 hits, 0 errors, 0 left on base; Maize HS 0 - Masconomet HS 0
BOTTOM OF THE 3RD
Masconomet HS Chieftans batting - Pitching for Maize HS : RHP Curtis Steele
Batting: RHB Otis Moore 0-0: Called Strike
0-1: Swinging Strike
0-2: Strikes out swinging
Batting: RHB Robby Bailey 0-0: Ball
1-0: Fly out, F8 (Flyball, 89D)
Batting: SHB Carl Savage 0-0: Ball
1-0: Called Strike
1-1: Ball
2-1: Called Strike
2-2: Ball
3-2: Strikes out swinging
Bottom of the 3rd over - 0 runs, 0 hits, 0 errors, 0 left on base; Maize HS 0 - Masconomet HS 0
TOP OF THE 4TH
Maize HS batting - Pitching for Masconomet HS Chieftans : RHP Emerson Gibbon
Batting: RHB Ángelo Cortéz 0-0: Called Strike
0-1: Ball
1-1: Swinging Strike
1-2: SINGLE (Groundball, 4MD)
Batting: SHB Richard Hodges 0-0: Ball
1-0: Called Strike
1-1: Ball
2-1: Swinging Strike
2-2: Ball
3-2: DOUBLE (Line Drive, 78D)
Ángelo Cortéz to third
Batting: LHB Matthis Michaud 0-0: Ball
1-0: Foul Ball, location: 2F
1-1: Ball
2-1: Ball
3-1: Ground out 5-3 (Groundball, 56)
Ángelo Cortéz scores
Batting: RHB José Ramírez 0-0: 2-RUN HOME RUN (Flyball, 7D), Distance : 393 ft
Batting: RHB David Cox 0-0: Hit by Pitch
Batting: SHB Adrian Turner 0-0: Ball
1-0: Called Strike
1-1: Ball
2-1: Foul Ball, location: 2F
2-2: SINGLE (Groundball, 6MD)
David Cox to second
Batting: RHB Calvin Storey 0-0: Called Strike
0-1: Ball
1-1: Called Strike
1-2: Ball
2-2: Grounds into double play, 6-4-3 (Groundball, 6)
Top of the 4th over - 3 runs, 4 hits, 0 errors, 1 left on base; Maize HS 3 - Masconomet HS 0
BOTTOM OF THE 4TH
Masconomet HS Chieftans batting - Pitching for Maize HS : RHP Curtis Steele
Batting: RHB Alec Bowers 0-0: DOUBLE (Line Drive, 89D)
Pinch Runner at 2nd Irwin Harris:
Batting: RHB Tom Petersen 0-0: Called Strike
0-1: Swinging Strike
0-2: Ball
1-2: Ball
2-2: Strikes out swinging
Batting: LHB Tommy McRath 0-0: Ball
1-0: Ball
2-0: Ball
3-0: Called Strike
3-1: Foul Ball, location: 2F
3-2: Foul Ball, location: 2F
3-2: Strikes out swinging
Batting: RHB Ross Thrower 0-0: Called Strike
0-1: Foul Ball, location: 2F
0-2: Foul Ball, location: 2F
0-2: Ball
1-2: Ball
2-2: Ball
3-2: Base on Balls
Batting: LHB John Coffey 0-0: Ball
1-0: Called Strike
1-1: Foul Ball, location: 2F
1-2: Fly out, F9 (Flyball, 9S)
Bottom of the 4th over - 0 runs, 1 hit, 0 errors, 2 left on base; Maize HS 3 - Masconomet HS 0
TOP OF THE 5TH
Maize HS batting - Pitching for Masconomet HS Chieftans : RHP Emerson Gibbon
Now at 1B: Irwin Harris
Batting: SHB Robbie Trudel 0-0: Ball
1-0: Called Strike
1-1: SINGLE (Groundball, 34D)
Pitching: RHP Matt Hansen
Batting: LHB Terry Manning 0-0: Called Strike
0-1: Ball
1-1: Ball
2-1: Foul Ball, location: 2F
2-2: 2-RUN HOME RUN (Flyball, 9D), Distance : 397 ft
Batting: RHB Ángelo Cortéz 0-0: DOUBLE (Line Drive, 78D)
Batting: SHB Richard Hodges 0-0: Fly out, F8 (Flyball, 8RM)
Batting: LHB Matthis Michaud 0-0: Ball
1-0: Ball
2-0: Foul Ball, location: 2F
2-1: Ball
Wild Pitch!
Ángelo Cortéz to third
3-1: Swinging Strike
3-2: Strikes out swinging
Batting: RHB José Ramírez 0-0: Swinging Strike
0-1: SINGLE (Groundball, 34D)
Ángelo Cortéz scores
Batting: RHB David Cox 0-0: Ball
1-0: Ball
2-0: Called Strike
2-1: Foul Ball, location: 2F
2-2: Foul Ball, location: 2F
2-2: Ball
3-2: SINGLE (Groundball, 56D)
José Ramírez to second
José Ramírez to third
Batting: SHB Adrian Turner 0-0: Ball
1-0: Foul Ball, location: 2F
1-1: Swinging Strike
1-2: Ball
2-2: Strikes out swinging
Top of the 5th over - 3 runs, 5 hits, 0 errors, 2 left on base; Maize HS 6 - Masconomet HS 0
BOTTOM OF THE 5TH
Masconomet HS Chieftans batting - Pitching for Maize HS : RHP Curtis Steele
Batting: RHB Jorge Trujillo 0-0: Ball
1-0: Called Strike
1-1: Swinging Strike
1-2: Strikes out looking
Batting: RHB Otis Moore 0-0: Ball
1-0: Foul Ball, location: 2F
1-1: Ball
2-1: Foul Ball, location: 2F
2-2: SINGLE (Flyball, 78S)
Pitching: LHP Javier Corona
Batting: RHB Robby Bailey 0-0: Called Strike
0-1: SINGLE (Groundball, 6MD)
Otis Moore to second
Runner from 2nd tries for 3rd, SAFE, no throw
Batting: SHB Carl Savage 0-0: Ball
Robby Bailey steals 2nd base
1-0: Swinging Strike
1-1: Ball
2-1: Ball
3-1: Ground out 4-3 (Groundball, 4)
Otis Moore scores
Robby Bailey to third
Batting: RHB Irwin Harris 0-0: Foul Ball, location: 2F
0-1: Hit by Pitch
Batting: RHB Tom Petersen 0-0: Ball
1-0: Ball
2-0: Ball
3-0: Called Strike
3-1: Called Strike
3-2: Base on Balls
Irwin Harris to second
Batting: LHB Tommy McRath 0-0: Ball
1-0: Ball
2-0: Ball
3-0: Base on Balls
Robby Bailey scores
Irwin Harris to third
Tom Petersen to second
Batting: RHB Ross Thrower 0-0: Called Strike
0-1: Swinging Strike
0-2: Foul Ball, location: 2F
0-2: Ball
1-2: Ball
2-2: Foul Ball, location: 2F
2-2: Foul Ball, location: 2F
2-2: Ball
3-2: Foul Ball, location: 2F
3-2: Base on Balls
Irwin Harris scores
Tom Petersen to third
Tommy McRath to second
Batting: LHB John Coffey 0-0: SINGLE (Groundball, 34S) (infield hit)
Tom Petersen scores
Tommy McRath to third
Ross Thrower to second
Batting: RHB Jorge Trujillo 0-0: Called Strike
0-1: Foul Ball, location: 2F
0-2: Strikes out swinging
Bottom of the 5th over - 4 runs, 3 hits, 0 errors, 3 left on base; Maize HS 6 - Masconomet HS 4
TOP OF THE 6TH
Maize HS batting - Pitching for Masconomet HS Chieftans : RHP Matt Hansen
Batting: RHB Calvin Storey 0-0: Called Strike
0-1: Foul Ball, location: 2F
0-2: Foul Ball, location: 2F
0-2: Ball
1-2: Ground out 4-3 (Groundball, 4)
Batting: SHB Robbie Trudel 0-0: Ground out U3 (Groundball, 34)
Batting: LHB Terry Manning 0-0: Ball
1-0: Called Strike
1-1: Ball
2-1: Foul Ball, location: 2F
2-2: Strikes out swinging
Top of the 6th over - 0 runs, 0 hits, 0 errors, 0 left on base; Maize HS 6 - Masconomet HS 4
BOTTOM OF THE 6TH
Masconomet HS Chieftans batting - Pitching for Maize HS : LHP Javier Corona
Batting: RHB Otis Moore 0-0: SINGLE (Line Drive, 9S)
Batting: RHB Robby Bailey 0-0: Ball
Balk!
Otis Moore to second
1-0: Foul Ball, location: 2F
1-1: Foul Ball, location: 2F
1-2: Ground out 5-3 (Groundball, 5)
Batting: SHB Carl Savage 0-0: Swinging Strike
0-1: Called Strike
0-2: Foul Ball, location: 2F
0-2: Ball
1-2: Ground out 6-3 (Groundball, 6S)
Otis Moore to third
Batting: RHB Irwin Harris 0-0: Ball
1-0: Foul Ball, location: 2F
1-1: Foul Ball, location: 2F
1-2: Ball
2-2: Strikes out swinging
Bottom of the 6th over - 0 runs, 1 hit, 0 errors, 1 left on base; Maize HS 6 - Masconomet HS 4
TOP OF THE 7TH
Maize HS batting - Pitching for Masconomet HS Chieftans : RHP Matt Hansen
Pitching: LHP Steve Tanner
Batting: RHB Ángelo Cortéz 0-0: Ball
1-0: Ball
2-0: Called Strike
2-1: Foul Ball, location: 2F
2-2: Foul Ball, location: 2F
2-2: Ball
3-2: Base on Balls
Batting: SHB Richard Hodges 0-0: Ball
1-0: Foul Ball, location: 2F
1-1: Called Strike
1-2: Strikes out swinging
Batting: LHB Matthis Michaud 0-0: Ball
1-0: Ball
2-0: Ball
3-0: Called Strike
3-1: Base on Balls
Ángelo Cortéz to second
Batting: RHB José Ramírez 0-0: Ball
1-0: Swinging Strike
1-1: SINGLE (Groundball, 4D)
Ángelo Cortéz to third
Matthis Michaud to second
Runner from 3rd tries for Home, throw and OUT!
Matthis Michaud to third
José Ramírez to second
Batting: RHB David Cox 0-0: Ball
1-0: Ball
2-0: Ball
3-0: Called Strike
3-1: Base on Balls
Batting: SHB Adrian Turner 0-0: Foul Ball, location: 2F
0-1: Foul Ball, location: 2F
0-2: Foul Ball, location: 2F
0-2: Ball
1-2: Ball
2-2: Ball
3-2: Base on Balls
Matthis Michaud scores
José Ramírez to third
David Cox to second
Batting: RHB Calvin Storey 0-0: Called Strike
0-1: GRAND SLAM HOME RUN (Flyball, 7LD), Distance : 353 ft
Batting: SHB Robbie Trudel 0-0: Called Strike
0-1: Swinging Strike
0-2: Strikes out swinging
Top of the 7th over - 5 runs, 2 hits, 0 errors, 0 left on base; Maize HS 11 - Masconomet HS 4
BOTTOM OF THE 7TH
Masconomet HS Chieftans batting - Pitching for Maize HS : LHP Javier Corona
Batting: RHB Tom Petersen 0-0: Swinging Strike
0-1: Called Strike
0-2: Ball
1-2: Ground out 1-3 (Groundball, 13)
Batting: LHB Tommy McRath 0-0: Foul Ball, location: 2F
0-1: SINGLE (Groundball, 56D)
Batting: RHB Ross Thrower 0-0: Ball
1-0: Ball
2-0: Called Strike
2-1: Swinging Strike
2-2: Foul Ball, location: 2F
2-2: Fly out, F8 (Flyball, 89D)
Batting: LHB John Coffey 0-0: Ball
1-0: Ball
2-0: Called Strike
2-1: Called Strike
2-2: Ball
3-2: Foul Ball, location: 2F
3-2: Base on Balls
Tommy McRath to second
Batting: RHB Jorge Trujillo 0-0: Called Strike
0-1: Called Strike
0-2: Strikes out swinging
Bottom of the 7th over - 0 runs, 1 hit, 0 errors, 2 left on base; Maize HS 11 - Masconomet HS 4
TOP OF THE 8TH
Maize HS batting - Pitching for Masconomet HS Chieftans : LHP Steve Tanner
Batting: LHB Terry Manning 0-0: Ball
1-0: Ball
2-0: Ball
3-0: Base on Balls
Pitching: RHP Mark Jones
Batting: RHB Ángelo Cortéz 0-0: Called Strike
0-1: SINGLE (Line Drive, 8RS)
Terry Manning to second
Batting: SHB Richard Hodges 0-0: Ball
1-0: Ball
2-0: Ball
3-0: Called Strike
3-1: Foul Ball, location: 2F
3-2: Strikes out swinging
Batting: LHB Matthis Michaud 0-0: Ball
1-0: Ball
2-0: Ball
3-0: Called Strike
3-1: Called Strike
3-2: Foul Ball, location: 2F
3-2: Foul Ball, location: 2F
3-2: Base on Balls
Terry Manning to third
Ángelo Cortéz to second
Batting: RHB José Ramírez 0-0: Ball
1-0: Grounds into double play, 6-4-3 (Groundball, 6M)
Top of the 8th over - 0 runs, 1 hit, 0 errors, 2 left on base; Maize HS 11 - Masconomet HS 4
BOTTOM OF THE 8TH
Masconomet HS Chieftans batting - Pitching for Maize HS : LHP Javier Corona
Pitching: RHP Alejandro Hernández
Batting: RHB Otis Moore 0-0: Called Strike
0-1: Ball
1-1: Foul Ball, location: 2F
1-2: Strikes out swinging
Batting: RHB Robby Bailey 0-0: Ball
1-0: SINGLE (Groundball, 34D)
Batting: SHB Carl Savage 0-0: Fly out, F9 (Flyball, 89D)
Batting: RHB Irwin Harris 0-0: Ball
1-0: Called Strike
1-1: Ball
2-1: Called Strike
2-2: Ball
3-2: DOUBLE (Line Drive, 8RD)
Robby Bailey to third
Robby Bailey scores
Batting: RHB Tom Petersen 0-0: Foul Ball, location: 2F
0-1: Foul Ball, location: 2F
0-2: Ball
1-2: SINGLE (Flyball, 7S)
Irwin Harris to third
Runner from 3rd tries for Home, SAFE, throw made home
Batting: LHB Tommy McRath 0-0: Swinging Strike
0-1: Foul Ball, location: 2F
0-2: SINGLE (Flyball, 78S)
Tom Petersen to second
Batting: RHB Ross Thrower 0-0: Ball
1-0: Ball
2-0: Called Strike
2-1: Ball
3-1: SINGLE (Groundball, 4M) (infield hit)
Tom Petersen to third
Tommy McRath to second
Batting: LHB John Coffey 0-0: Ball
1-0: Ball
2-0: Foul Ball, location: 2F
2-1: Foul Ball, location: 2F
2-2: Strikes out swinging
Bottom of the 8th over - 2 runs, 5 hits, 0 errors, 3 left on base; Maize HS 11 - Masconomet HS 6
TOP OF THE 9TH
Maize HS batting - Pitching for Masconomet HS Chieftans : RHP Mark Jones
Batting: RHB David Cox 0-0: Fly out, F8 (Flyball, 8RM)
Batting: SHB Adrian Turner 0-0: Foul Ball, location: 2F
0-1: Ball
1-1: Swinging Strike
1-2: Fly out, F7 (Flyball, 7LS)
Batting: RHB Calvin Storey 0-0: Called Strike
0-1: Ball
1-1: Ball
2-1: Ball
3-1: Base on Balls
Batting: SHB Robbie Trudel 0-0: Ball
1-0: Ball
2-0: Called Strike
2-1: Foul Ball, location: 2F
2-2: Fielders Choice at 2nd, 6-4 (Groundball, 6)
Top of the 9th over - 0 runs, 0 hits, 0 errors, 1 left on base; Maize HS 11 - Masconomet HS 6
BOTTOM OF THE 9TH
Masconomet HS Chieftans batting - Pitching for Maize HS : RHP Alejandro Hernández
Batting: RHB Jorge Trujillo 0-0: Ground out 6-3 (Groundball, 6D)
Batting: RHB Otis Moore 0-0: Foul Ball, location: 2F
0-1: Ball
1-1: SINGLE (Flyball, 8RM)
Batting: RHB Robby Bailey 0-0: Called Strike
0-1: Ball
1-1: Ball
2-1: Ball
3-1: Foul Ball, location: 2F
3-2: Foul Ball, location: 2F
3-2: SINGLE (Line Drive, 89M)
Otis Moore to second
Batting: SHB Carl Savage 0-0: Hit by Pitch
Otis Moore to third
Robby Bailey to second
Batting: RHB Irwin Harris 0-0: Ball
1-0: Foul Ball, location: 2F
1-1: Ball
2-1: Swinging Strike
2-2: Strikes out swinging
Batting: RHB Tom Petersen 0-0: Ball
1-0: Ball
Wild Pitch!
Otis Moore scores
Robby Bailey to third
Carl Savage to second
2-0: Fly out, F8 (Line Drive, 8LM)
Bottom of the 9th over - 1 run, 2 hits, 0 errors, 2 left on base; Maize HS 11 - Masconomet HS 7
Saturday, April 7th, 2018 - OOTP Baseball 18.8 Build 76